 Dungeon Crawl Stone Soup version 0.29.1-13-g9f3cf754e1 (webtiles) character file.

Game seed: 11842954182476229417

464 FexLirch the Cudgeller (level 7, 0/52 HPs)
             Began as a Formicid Abyssal Knight on Jan 28, 2023.
             Was a Priest of Lugonu.
             Slain by a centaur (4 damage)
             ... on level 5 of the Dungeon.
             The game lasted 00:05:05 (5157 turns).

FexLirch the Cudgeller (Formicid Abyssal Knight)    Turns: 5157, Time: 00:05:05

Health: 0/52       AC:  3    Str: 19    XL:     7   Next: 29%
Magic:  10/10      EV: 11    Int: 10    God:    Lugonu [***...]
Gold:   186        SH:  0    Dex: 14    Spells: 6/6 levels left

rFire   . . .      SeeInvis +   a - +1 mace
rCold   . . .      Faith    .   (no shield)
rNeg    . . .      Spirit   .   b - +0 leather armour
rPois   .          Reflect  .   (helmet unavailable)
rElec   .          Harm     .   (no cloak)
rCorr   .          Rampage  .   (no gloves)
Will    .....                   (no boots)
Stlth   +.........              (no amulet)
HPRegen 0.17/turn               r - ring of wizardry
MPRegen 0.12/turn               (no ring)

@: no status effects
A: permanent stasis, dig shafts and tunnels, antennae 3, four strong arms
a: Dig, Shaft Self, Renounce Religion, Depart the Abyss, Bend Space, Banish


You were on level 5 of the Dungeon.
You worshipped Lugonu.
Lugonu was most pleased with you.
You visited 1 branch of the dungeon, and saw 5 of its levels.
You visited the Abyss 1 time.

You collected 186 gold pieces.

Inventory:

Hand Weapons
 a - a +1 mace (weapon)
 n - a +2 hand axe of venom
Missiles
 s - 5 poisoned darts
Armour
 b - a +0 leather armour (worn)
Jewellery
 r - a ring of wizardry (left hand)
 x - a ring of willpower
Wands
 v - a wand of flame (6) (quivered)
Scrolls
 c - a scroll of butterflies {unknown}
 d - 3 scrolls of torment {unknown}
 e - a scroll of fear {unknown}
 i - a scroll of enchant weapon {unknown}
 j - 4 scrolls of identify {unknown}
 l - a scroll of vulnerability {unknown}
 t - 3 scrolls of teleportation {unknown}
 u - a scroll of summoning {unknown}
Potions
 f - 2 potions of berserk rage {unknown}
 g - 2 potions of lignification {unknown}
 h - 2 potions of heal wounds {unknown}
 k - a potion of brilliance {unknown}
 m - a potion of degeneration {unknown}
 o - 5 potions of curing {unknown}
 p - a potion of magic {unknown}
 q - a potion of flight {unknown}
 w - a potion of haste {unknown}


   Skills:
 - Level 3.2 Fighting
 * Level 6.1 Maces & Flails
 - Level 2.1 Armour
 - Level 0.8 Dodging
 + Level 5.3 Invocations


You had 6 spell levels left.
You didn't know any spells.
Your spell library contained the following spells:

 Spells                   Type           Power      Damage    Failure   Level
 Fireball                 Conj/Fire      0%         3d3       99%         5
 Iskenderun's Battlesphe  Conj           0%         2d6       99%         5
 Conjure Ball Lightning   Conj/Air       0%         3x3d6     100%        6
 Orb of Destruction       Conj           0%         9d5       100%        7


Dungeon Overview and Level Annotations

Branches:
Dungeon (5/15)
 Temple: D:4-7

Altars:
Cheibriados
Nemelex Xobeh

Shops:
D:4 *


Innate Abilities, Weirdness & Mutations

You cannot be hasted, slowed, berserked, paralysed or teleported.
You can dig through walls and to a lower floor.
You have a pair of large antennae on your head. (SInv)
Your four strong arms can wield two-handed weapons with a shield.


Message History

You closely miss the hound. The hound bites you.
A hound is nearby!
You hit the hound.
The hound is moderately wounded.
The hound barely misses you. x2
You sock the hound!
The hound is severely wounded.
The hound barely misses you. The hound bites you.
A hound is nearby!
You hit the hound.
The hound is almost dead.
The hound bites you.
A hound is nearby!
You hit the hound.
You kill the hound!
Lugonu accepts your kill.
No target in view!
Key pressed, stopping explore.
No target in view!
Key pressed, stopping explore.
No target in view!
A centaur comes into view.
The centaur shouts!
The centaur wields a +0 shortbow.
The centaur shoots an arrow.
The arrow hits you!
A centaur is nearby!
A centaur is nearby!
The centaur shoots an arrow.
The arrow closely misses you.
A centaur is nearby!
The centaur shoots an arrow.
The arrow hits you!
You are too injured to fight recklessly!
You are too injured to fight recklessly!
You are too injured to fight recklessly!
The centaur shoots an arrow.
The arrow hits you!
The centaur shoots an arrow.
The arrow hits you!
* * * LOW HITPOINT WARNING * * *
The centaur shoots an arrow.
The arrow hits you!
* * * LOW HITPOINT WARNING * * *
The centaur unwields a +0 shortbow.
The centaur hits you.
You die...

......##.#.........#.# #.##.###.#
......##.#.........#.###........#
####..##.#.......................
...................#.##.#......##
####..####.."......#.#..#.<....#
## #..# #.............##......#
.###..# #.............###..####
......# #.........#.#.. #.##
......## #......@..#.### #.#
.......# #......c..#.. ..#
.....#..........#..... .....#
...........###.#
.....#..........### #
................ .....#....#...##
.............. ).......##


You could see a centaur.

Vanquished Creatures
  A phantom (D:5)
  A scorpion (D:5)
  3 hounds
  5 iguanas
  3 adders
  3 gnolls
  A worm (D:2)
  2 dart slugs
  5 orcs
  9 endoplasms
  5 giant cockroaches
  4 hobgoblins
  4 jackals (D:3)
  A kobold (D:1)
  2 quokkas
  3 ball pythons
  A bat (D:1)
  2 frilled lizards (D:1)
  4 goblins (D:4)
  2 rats
61 creatures vanquished.

Notes
Turn   | Place    | Note
-------+----------+-------------------------------------------
     0 | Abyss:1  | FexLirch the Formicid Abyssal Knight began the quest for
                  | the Orb.
     0 | Abyss:1  | Reached XP level 1. HP: 18/18 MP: 2/2
     1 | D:1      | Escaped the Abyss
   268 | D:1      | Reached XP level 2. HP: 24/24 MP: 3/3
   597 | D:1      | Found a faded altar of an unknown god.
  1211 | D:2      | Reached XP level 3. HP: 26/29 MP: 5/5
  1283 | D:2      | Reached skill level 3 in Maces & Flails
  2338 | D:3      | Reached XP level 4. HP: 35/35 MP: 6/6
  3045 | D:4      | Reached skill level 4 in Maces & Flails
  3045 | D:4      | Reached XP level 5. HP: 17/41 MP: 7/7
  3339 | D:4      | Identified the +1 robe of Ydgheonwa {Harm rC- Will- Int+8}
  3961 | D:4      | Found Misid's Gadget Gallery.
  4061 | D:5      | Entered Level 5 of the Dungeon
  4088 | D:5      | Reached skill level 5 in Maces & Flails
  4088 | D:5      | Reached XP level 6. HP: 47/47 MP: 9/9
  4191 | D:5      | Reached skill level 5 in Invocations
  4191 | D:5      | Reached XP level 7. HP: 5/52 MP: 8/10
  4478 | D:5      | Reached *** piety under Lugonu
  4677 | D:5      | Found a snail-covered altar of Cheibriados.
  4677 | D:5      | Found a sparkling altar of Nemelex Xobeh.
  4689 | D:5      | Reached skill level 6 in Maces & Flails
  5157 | D:5      | Slain by a centaur

Illustrated notes

Levels and vault maps discovered:
D:1:      spicycebolla_green_bress_n_ham_2, layout_loops_ring,
          chequers_ecumenical_altar_simple_redux, serial_rivers,
          chequers_serial_rivers_micro_b, chequers_serial_rivers_micro_d,
          chequers_serial_rivers_large_b, chequers_serial_rivers_small_b,
          minmay_crystal_water
D:2:      layout_basic
D:3:      layout_basic, chequers_serial_rivers_marsh, amcnicky_mini_pool_small
D:4:      layout_loops_cross, nicolae_shop_gadgets
D:5:      layout_rooms, gammafunk_temple_overflow_pools

Skill      XL: |  1  2  3  4  5  6  7 |
---------------+----------------------+-----
Maces & Flails | 3 4 5 6 |  6.1
Invocations    | 3 4 5 |  5.3
Fighting       | |  3.2
Armour         | |  2.1
Dodging        | |  0.8

Action                   |  1- 3 |  4- 6 |  7- 9 || total
-------------------------+-------+-------+-------++-------
Melee: Mace              |    45 |     8 |    23 ||    76
       Hand axe          |    19 |    71 |       ||    90
Invok: Bend Space        |       |     2 |     5 ||     7
Evoke: Wand              |       |     1 |     2 ||     3
 Stab: Sleeping          |       |     3 |       ||     3
Armor: Leather armour    |    13 |    12 |     1 ||    26
Dodge: Dodged            |    29 |    40 |    12 ||    81
